 Dungeon Crawl Stone Soup version 0.31-a0-234-gad7ace16ef (webtiles) character file.

Game seed: 6323862421513024845

25 qw the Shooter (level 2, 0/24 HPs)
             Began as a Minotaur Hexslinger on July 9, 2023.
             Slain by a goblin
             ... wielding a +0 club
             ... led by Robin
              (2 damage)
             ... on level 1 of the Dungeon.
             The game lasted 00:00:18 (733 turns).

qw the Shooter (Minotaur Hexslinger)                 Turns: 733, Time: 00:00:18

Health: 0/24       AC:  4    Str: 12    XL:     2   Next: 82%
Magic:  2/2        EV: 11    Int: 10    God:
Gold:   28         SH:  0    Dex: 12    Spells: 2/3 levels left

rFire   . . .        Y - +1 sling
rCold   . . .        (no shield)
rNeg    . . .        l - +0 leather armour
rPois   .            (helmet restricted)
rElec   .            (no cloak)
rCorr   .            d - +0 pair of gloves
SInv    .            (no boots)
Will    +....        (no amulet)
Stlth   +            i - ring of willpower
HPRegen 0.24/turn    (no ring)
MPRegen 0.08/turn

%: no passive effects
@: no status effects
A: horns 2, retaliatory headbutt
a: no special abilities


You were on level 1 of the Dungeon.
You visited 1 branch of the dungeon, and saw 2 of its levels.

You collected 28 gold pieces.


Innate Abilities, Weirdness & Mutations

You have a pair of horns on your head.
You reflexively headbutt those who attack you in melee.


   Skills:
 - Level 2.0 Fighting
 + Level 3.4 Ranged Weapons
 - Level 2.1 Dodging
 - Level 1.0 Spellcasting
 - Level 2.0 Hexes


You had 2 spell levels left.
You knew the following spells:

 Your Spells              Type           Power      Damage    Failure   Level
a - Slow                  Hex            16%        N/A       19%         1

Your spell library contained the following spells:

 Spells                   Type           Power      Damage    Failure   Level
 Inner Flame              Hex/Fire       2%         N/A       65%         3
 Portal Projectile        Hex/Tloc       4%         N/A       65%         3
 Cause Fear               Hex            2%         N/A       88%         4

Inventory:

Hand Weapons
 Y - a +1 sling (weapon)
Armour
 d - a +0 pair of gloves (worn)
 l - a +0 leather armour (worn)
Jewellery
 i - a ring of willpower (left hand)
Potions
 e - a potion of mutation {unknown}
 g - a potion of magic {unknown}

Dungeon Overview and Level Annotations

Branches:
Dungeon (2/15)

Altars:

Annotations:
D:2 Robin


Message History

The goblin hits you but does no damage. The hobgoblin misses you.
You furiously retaliate!
You headbutt the hobgoblin.
You kill the hobgoblin!
The goblin completely misses you. The goblin hits you with a +0 club.
You shoot a sling bullet.
The sling bullet completely misses the goblin.
The goblin barely misses you. The goblin completely misses you.
You furiously retaliate!
You headbutt the goblin!
You kill the goblin!
The goblin hits you but does no damage.
You shoot a sling bullet. The sling bullet hits the goblin.
The goblin is moderately wounded.
The goblin hits you but does no damage. x2
The goblin hits you with a +0 dagger. The goblin barely misses you.
You shoot a sling bullet.
The sling bullet completely misses the goblin.
The goblin hits you but does no damage. x2
You shoot a sling bullet.
The sling bullet barely misses the goblin.
The goblin closely misses you. You furiously retaliate!
You headbutt the goblin.
You kill the goblin!
The goblin hits you with a +0 club.
You shoot a sling bullet. The sling bullet hits the goblin.
The goblin is moderately wounded.
The goblin hits you with a +0 club.
You shoot a sling bullet.
The sling bullet closely misses the goblin.
The goblin closely misses you. The goblin misses you.
You shoot a sling bullet. The sling bullet misses the goblin.
The goblin hits you with a +0 club.
You shoot a sling bullet.
The sling bullet barely misses the goblin.
The goblin barely misses you.
You shoot a sling bullet.
The sling bullet completely misses the goblin.
The goblin hits you but does no damage. x2
You shoot a sling bullet.
The sling bullet closely misses the goblin.
The goblin hits you with a +0 club.
You die...

.#.(...........##.......##.# #.#
.#...#.......#.#........##.# #.#
.#...#####...#.#........##.####.#
.#....#......#.#........##.......
.#...?..........................#
...............................##
##...........).................##
##....#######..g.........#.###.##
##.............%@#.##......###.##
...............))................
.##....######..###.##..#.#####.##
###..............................
# ##...######..###.##..#.#####.##
# #.%.# #..# #.##..#.# ####
####...######..###.##..#.# #
.......................#.# #
####...............###.#.# #


You could see a goblin.

Vanquished Creatures
  2 endoplasms (D:1)
  A giant cockroach (D:1)
  6 goblins
  2 hobgoblins
  2 kobolds (D:1)
  A quokka (D:1)
  3 ball pythons (D:1)
  A bat (D:1)
  2 frilled lizards (D:1)
  3 rats (D:1)
23 creatures vanquished.

Notes
Turn   | Place    | Note
-------+----------+-------------------------------------------
     0 | D:1      | qw the Minotaur Hexslinger began the quest for the Orb.
     0 | D:1      | Reached XP level 1. HP: 16/16 MP: 1/1
     0 | D:1      | 0 ||| qw: Version: 0.3-a-51-g015441d
     0 | D:1      | 0 ||| qw: Game counter: 4167
     0 | D:1      | 0 ||| qw: Melee chars always use a shield: true
     0 | D:1      | 0 ||| qw: God list: Okawaru
     0 | D:1      | 0 ||| qw: Allow faded altars: false
     0 | D:1      | 0 ||| qw: Do Orc after clearing Dungeon:15 true
     0 | D:1      | 0 ||| qw: Do second Lair branch before Depths: true
     0 | D:1      | 0 ||| qw: Lair rune preference: random
     0 | D:1      | 0 ||| qw: Goals: Normal
     0 | D:1      | 0 ||| PLANNING D:1-11
   168 | D:1      | Reached skill level 3 in Ranged Weapons
   205 | D:1      | Reached XP level 2. HP: 23/23 MP: 2/2
   677 | D:1      | 677 ||| UPGRADING to +0 pair of gloves.
   682 | D:1      | 682 ||| UPGRADING to +0 leather armour.
   692 | D:1      | 692 ||| DROPPING +0 robe.
   693 | D:1      | 693 ||| UPGRADING to ring of willpower.
   694 | D:1      | 694 ||| READING 2 scrolls labelled ILEGE LIHATY.
   695 | D:1      | 695 ||| READING scroll labelled CEUTUAS OLIE.
   696 | D:1      | 696 ||| READING scroll labelled VIL CIJAKKIEF.
   700 | D:1      | 700 ||| READING scroll labelled FEAQAR POGUO.
   701 | D:1      | 701 ||| READING scroll labelled NOYZOCS ET UCW.
   702 | D:1      | 702 ||| DROPPING scroll of fear.
   703 | D:1      | 703 ||| DROPPING scroll of poison.
   716 | D:2      | Noticed Robin
   720 | D:2      | 720 ||| STAIRDANCE
   727 | D:1      | HP: 5/24 [goblin/+0 club[Robin] (4)]
   728 | D:1      | HP: 2/24 [goblin/+0 club[Robin] (4)]
   733 | D:1      | Slain by a goblin

Levels and vault maps discovered:
D:1:      psy_arrival_statuary, layout_basic
D:2:      layout_basic, basic_altar, nicolae_ecumenical_lake_church,
          minmay_tree_intersection, uniq_natasha, uniq_robin

Skill      XL: |  1  2 |
---------------+-------+-----
Ranged Weapons | 3 |  3.4
Fighting       | 2 |  2.0
Dodging        | |  2.1
Spellcasting   | |  1.0
Hexes          | |  2.0

Action                     || total
---------------------------++-------
   Fire: Sling             ||    53
    Use: Scroll            ||     5
 Armour: Robe              ||     2
         Leather armour    ||    14
  Dodge: Dodged            ||    18

Table legend:
 A = Non-vault XP
 B = Vault XP
 C = Vault XP percentage of total XP
 D = Non-vault monster count
 E = Vault monster count
 F = Vault count percentage of total count
                 A         B        C        D         E       F
            +---------+---------+-------+---------+---------+-------
      Total |      26 |      10 |  27.8 |      18 |       5 |  21.7
            +---------+---------+-------+---------+---------+-------
        D:1 |      26 |       6 |  18.8 |      18 |       3 |  14.3
        D:2 |       0 |       4 | 100.0 |       0 |       2 | 100.0
            +---------+---------+-------+---------+---------+-------
